 Dungeon Crawl Stone Soup version 0.32-a0-131-g9dbbe29261 (webtiles) character file.

Game seed: 16078707524020793518

42 Dittersdorf the Covered (level 3, -1/24 HPs)
             Began as a Gargoyle Fighter on Feb 8, 2024.
             Slain by a hobgoblin
             ... wielding a +0 hammer
              (3 damage)
             ... on level 2 of the Dungeon.
             The game lasted 00:00:49 (778 turns).

Dittersdorf the Covered (Gargoyle Fighter)           Turns: 778, Time: 00:00:50

Health: -1/24      AC: 10    Str: 21    XL:     3   Next: 56%
Magic:  3/3        EV: 14    Int:  8    God:
Gold:   52         SH:  4    Dex:  9    Spells: 2/2 levels left

rFire   . . .        a - +0 flail
rCold   . . .        c - +0 buckler
rNeg    + . .        b - +0 scale mail
rPois   ∞            (no helmet)
rElec   +            (no cloak)
rCorr   .            (no gloves)
SInv    .            (no boots)
Will    .....        (no amulet) Stlth
                     h - +5 ring of evasion
HPRegen 0.24/turn    (no ring)
MPRegen 0.08/turn

%: no passive effects
@: no status effects
A: sickness immunity, AC +3, negative energy resistance 1, electricity
resistance, torment resistance 1, petrification resistance
a: no special abilities


You were on level 2 of the Dungeon.
You visited 1 branch of the dungeon, and saw 2 of its levels.

You collected 52 gold pieces.

Inventory:

Hand Weapons
 a - a +0 flail (weapon)
Armour
 b - a +0 scale mail (worn)
 c - a +0 buckler (worn)
Jewellery
 h - a +5 ring of evasion (left hand)
 l - a ring of ice
Scrolls
 f - a scroll of silence {unknown}
 g - 2 scrolls of identify {unknown}
Potions
 d - a potion of might
 e - a potion of mutation {unknown}
 i - a potion of lignification {unknown}
 j - a potion of attraction {unknown}
 k - 2 potions of curing {unknown}


   Skills:
 + Level 3.7 Fighting
 + Level 2.5 Maces & Flails
 + Level 3.8 Armour
 + Level 3.7 Shields


You had 2 spell levels left.
You didn't know any spells.
Your spell library contained the following spells:

 Spells                   Type           Power      Damage    Failure   Level
 Haunt                    Necr/Summ      0%         N/A       100%        7
 Borgnjor's Revivificati  Necr           0%         N/A       100%        8
 Death's Door             Necr           0%         N/A       100%        9


Dungeon Overview and Level Annotations

Branches:
Dungeon (2/15)

Altars:

Annotations:
D:2 Robin


Innate Abilities, Weirdness & Mutations

You are immune to sickness and miasma.
Your stone body is resilient. (AC +3)
You are immune to poison.
You resist negative energy. (rN+)
You are resistant to electric shocks. (rElec)
You are resistant to unholy torment.
You are immune to petrification.


Message History

Robin barely misses you.
The hobgoblin hits you but does no damage.
You barely miss Robin.
The goblin shouts!
You hear a shout!
The hobgoblin completely misses you. Robin hits you but does no damage.
You block the hobgoblin's attack.
You hear a shout!
You sock Robin!
Robin is heavily wounded.
The goblin no longer looks unusually strong.
Robin misses you. The hobgoblin closely misses you.
The hobgoblin barely misses you. The hobgoblin hits you.
You block Robin's attack. The hobgoblin barely misses you.
You closely miss Robin.
Robin is heavily wounded.
The hobgoblin hits you with a +0 hammer!
Ouch! That really hurt!
* * * LOW HITPOINT WARNING * * *
Robin hits you but does no damage. The hobgoblin closely misses you.
You are too injured to fight recklessly!
You are too injured to fight recklessly!
You are too injured to fight recklessly!
You are too injured to fight recklessly!
You are too injured to fight recklessly!
You are too injured to fight recklessly!
You are too injured to fight recklessly!
You are too injured to fight recklessly!
You are too injured to fight recklessly!
You are too injured to fight recklessly!
You are too injured to fight recklessly!
You are too injured to fight recklessly!
You are too injured to fight recklessly!
The hobgoblin no longer looks unusually strong.
The hobgoblin barely misses you. Robin hits you with a +0 short sword.
* * * LOW HITPOINT WARNING * * *
The hobgoblin attacks as it pursues you!
The hobgoblin hits you but does no damage.
The hobgoblin no longer looks unusually strong.
The hobgoblin hits you with a +0 hammer.
You die...

#.# #†# #.#
#.# #.# #)#
#.# #.#
#@#####
#######.g...#
......gg###.#
#######g# #.#
#g# #g# #..
###


You could see Robin, 3 hobgoblins and 2 goblins.

Vanquished Creatures
  5 ball pythons (D:1)
  5 endoplasms (D:1)
  A giant cockroach (D:1)
  3 goblins
  3 hobgoblins (D:1)
  5 quokkas (D:1)
  4 bats
  4 frilled lizards (D:1)
  3 kobolds (D:1)
  4 rats
37 creatures vanquished.

Notes
Turn   | Place    | Note
-------+----------+-------------------------------------------
     0 | D:1      | Dittersdorf the Gargoyle Fighter began the quest for the
                  | Orb.
     0 | D:1      | Reached XP level 1. HP: 14/14 MP: 1/1
    75 | D:1      | Reached XP level 2. HP: 19/19 MP: 2/2
   403 | D:1      | Reached XP level 3. HP: 23/23 MP: 3/3
   763 | D:2      | Noticed Robin
   778 | D:2      | Slain by a hobgoblin

Illustrated notes

Levels and vault maps discovered:
D:1:      doesnt_arrival_eight_statues, layout_basic, grunt_decor_resistance
D:2:      layout_loops_ring, uniq_crazy_yiuf_cottage, uniq_robin

Action                     || total
---------------------------++-------
  Melee: Flail             ||   126
 Armour: Scale mail        ||    89
  Dodge: Dodged            ||   105
  Block: Buckler           ||    34

Table legend: (Time is in decaauts)
 A = Elapsed time spent in this place.
 B = Non-inter-level travel time spent in this place.
 C = Inter-level travel time spent in this place.
 D = Time resting spent in this place.
 E = Time spent auto-exploring this place.
 F = Levels seen in this place.
 G = Mean time per level.
                   A        B        C        D        E       F      G
               +--------+--------+--------+--------+--------+-----+--------+
         Total |    817 |    789 |     28 |      0 |    528 |   2 |  408.5 |
       Dungeon |    817 |    789 |     28 |      0 |    528 |   2 |  408.5 |
               +--------+--------+--------+--------+--------+-----+--------+

Top non-repeatable levels by time:
     D:1: 677 daAuts
     D:2: 139 daAuts
